 Dungeon Crawl Stone Soup version 0.21-a0-513-gdcb3f5e (webtiles) character file.

845 BingusPrime the Carver (level 8, -17/96 HPs)
             Began as a Barachi Fighter on Dec 1, 2017.
             Was a Priest of Cheibriados.
             Demolished by crub's ghost (19 damage)
             ... on level 6 of the Dungeon.
             The game lasted 00:20:32 (4595 turns).

BingusPrime the Carver (Barachi Fighter)            Turns: 4595, Time: 00:20:32

Health: -17/96     AC:  9    Str: 31    XL:     8   Next: 0%
Magic:  8/8        EV:  8    Int: 15    God:    Cheibriados [***...]
Gold:   333        SH: 11    Dex: 20    Spells: 7/7 levels left

rFire    . . .     SeeInvis +   a - +0 long sword
rCold    . . .     Gourm    .   c - +0 shield
rNeg     . . .     Faith    .   b - +0 scale mail
rPois    .         Spirit   .   w - +0 helmet
rElec    .         Reflect  .   g - +0 cloak
rCorr    .         Harm     .   (no gloves)
MR       .....                  (no boots)
Stlth    ..........             (no amulet)
HPRegen  0.26/turn              q - ring of see invisible
MPRegen  0.11/turn              d - +3 ring of strength

@: berserking (expiring), can't hop, flying, very slow
A: +LOS, swims, slowness 1, strong legs 1
a: Hop, Bend Time, Temporal Distortion, Renounce Religion


You were on level 6 of the Dungeon.
You worshipped Cheibriados.
Cheibriados was most pleased with you.
You were hungry.

You visited 1 branch of the dungeon, and saw 6 of its levels.

You collected 333 gold pieces.

Inventory:

Hand Weapons
 a - a +0 long sword (weapon)
Missiles
 h - 6 tomahawks (quivered)
 o - 79 stones
Armour
 b - a +0 scale mail (worn)
 c - a +0 shield (worn)
 g - a +0 cloak (worn)
 w - a +0 helmet (worn)
Jewellery
 d - a +3 ring of strength (right hand)
 m - an uncursed ring of protection from fire
 q - a ring of see invisible (left hand)
Scrolls
 e - 2 scrolls of remove curse {unknown}
 n - a scroll of enchant armour {unknown}
 s - 2 scrolls of fear {unknown}
 t - a scroll of teleportation {unknown}
 u - a scroll of blinking {unknown}
 v - a scroll of enchant weapon {unknown}
Potions
 i - 2 potions of haste
 j - a potion of cancellation
 k - a potion of curing
 p - a potion of berserk rage
 z - a potion of heal wounds {unknown}
Books
 y - a book of Conjurations

   Spells                             Type                      Level
   a - Magic Dart                     Conjuration                  1
   b - Searing Ray                    Conjuration                  2
   c - Dazzling Spray                 Conjuration/Hexes            3
   d - Fulminant Prism                Conjuration/Hexes            4
   e - Force Lance                    Conjuration/Translocation    4
   f - Iskenderun's Mystic Blast      Conjuration                  4
Comestibles
 f - 5 bread rations
 r - 3 meat rations
 x - a royal jelly


   Skills:
 * Level 5.7 Fighting
 * Level 8.2 Long Blades
 + Level 0.8 Throwing
 + Level 5.3 Armour
 - Level 0.8 Dodging
 - Level 4.2 Shields


You had 7 spell levels left.
You didn't know any spells.

Dungeon Overview and Level Annotations

Branches:
Dungeon (6/15)
 Temple: D:4-7

Altars:
Cheibriados
Vehumet

Annotations:
D:6 crub's ghost, novice MiBe


Innate Abilities, Weirdness & Mutations

Shadows flee at your approach. (+LOS)
You can swim through water.
You cover ground slowly.
You can hop short distances.


Message History

Crub's ghost is severely damaged.
You block the leopard gecko's attack.
You hit crub's ghost.
Crub's ghost is severely damaged.
You block the leopard gecko's attack. Crub's ghost closely misses you.
The leopard gecko bites you.
You miss crub's ghost.
Crub's ghost is severely damaged.
Crub's ghost hits you!
* * * LOW HITPOINT WARNING * * *
You are electrocuted!
* * * LOW HITPOINT WARNING * * *
The leopard gecko bites you but does no damage.
You block crub's ghost's attack.
You closely miss crub's ghost.
Crub's ghost is severely damaged.
You block the leopard gecko's attack. Crub's ghost hits you!
* * * LOW HITPOINT WARNING * * *
You are electrocuted!
You die...

##.###############.#
#.# #.# #.# #.# #)#
#.# #># #.# #.# #.#
#.# #.# #.#
##########.#
#...W@.....#
#.......l...####
#.###.#####.# #. #.#
# #.# #.# #.# #.#
#.#


You could see crub's ghost and a leopard gecko.

Vanquished Creatures
  The ghost of fren the Gusty, an amateur DgAE (D:5)
  2 ogres
  A centaur (D:4)
  2 hounds
  2 iguanas
  2 jellies (D:5)
  2 orc wizards
  A bullfrog skeleton (D:5)
  2 worker ants (D:5)
  Robin (D:3)
  5 adders
  A shadow imp (D:5)
  An adder skeleton (D:5)
  4 worms
  A dart slug (D:2)
  6 leopard geckos
  7 orcs
  4 giant cockroaches
  11 goblins
  6 hobgoblins
  6 jackals
  7 kobolds
  2 quokkas
  5 bats
  4 frilled lizards
  4 rats
90 creatures vanquished.

Notes
Turn   | Place    | Note
-------+----------+-------------------------------------------
     0 | D:1      | BingusPrime the Barachi Fighter began the quest for the Orb.
     0 | D:1      | Reached XP level 1. HP: 18/18 MP: 1/1
   303 | D:1      | Reached XP level 2. HP: 21/25 MP: 2/2
   731 | D:2      | Reached skill level 3 in Long Blades
   731 | D:2      | Reached XP level 3. HP: 26/30 MP: 3/3
   898 | D:2      | Found a snail-covered altar of Cheibriados.
   907 | D:2      | Became a worshipper of Cheibriados the Contemplative
  1202 | D:3      | Noticed Robin
  1213 | D:3      | Reached * piety under Cheibriados
  1221 | D:3      | Reached XP level 4. HP: 29/38 MP: 4/4
  1232 | D:3      | Killed Robin
  1361 | D:3      | Reached skill level 4 in Long Blades
  1436 | D:3      | Reached XP level 5. HP: 30/43 MP: 5/5
  1788 | D:3      | Found a faded altar of an unknown god.
  2123 | D:4      | HP: 2/43 [iguana (1)]
  2504 | D:4      | Reached ** piety under Cheibriados
  2504 | D:4      | Reached skill level 5 in Long Blades
  2699 | D:4      | Noticed an ogre
  2703 | D:4      | Killed an ogre
  2703 | D:4      | Reached skill level 5 in Fighting
  2703 | D:4      | Reached XP level 6. HP: 51/51 MP: 6/6
  2774 | D:4      | Reached skill level 6 in Long Blades
  3225 | D:5      | Entered Level 5 of the Dungeon
  3246 | D:5      | Reached XP level 7. HP: 21/56 MP: 7/7
  3252 | D:5      | Found a radiant altar of Vehumet.
  3311 | D:6      | Noticed crub's ghost (novice MiBe)
  3350 | D:5      | Noticed fren's ghost (amateur DgAE)
  3376 | D:5      | Killed fren's ghost
  3376 | D:5      | Reached skill level 7 in Long Blades
  3376 | D:5      | Reached skill level 5 in Armour
  4159 | D:5      | Reached *** piety under Cheibriados
  4159 | D:5      | Reached skill level 8 in Long Blades
  4214 | D:5      | Reached XP level 8. HP: 61/64 MP: 8/8
  4595 | D:6      | HP: 2/96 [crub's ghost (7)]
  4595 | D:6      | Demolished by crub's ghost

Vault maps used:
D:1:      dpeg_arrival_snail, st_stairs_6, hangedman_abyss_or_decor_lesser_grid
D:2:      cheibriados_altar_1
D:3:      chequers_ecumenical_altar_lobes, uniq_robin
D:4:      first_bread, minmay_misc_feat_square
D:5:      basic_altar

Skill      XL: |  1  2  3  4  5  6  7 |
---------------+----------------------+-----
Fighting       | 4 5 |  5.7
Armour         | 4 5 |  5.3
Long Blades    | 3 4 5 6 8 |  8.2
Shields        | 4 |  4.2
Throwing       | |  0.8
Dodging        | |  0.8

Action                   |  1- 3 |  4- 6 |  7- 9 || total
-------------------------+-------+-------+-------++-------
Melee: Long sword        |    91 |   160 |   126 ||   377
Throw: Tomahawk          |     2 |    11 |     2 ||    15
 Abil: Hop               |       |     2 |     2 ||     4
  Use: Scroll            |     2 |     2 |     1 ||     5
       Potion            |       |     1 |     4 ||     5
  Eat: Chunk             |     2 |     3 |     2 ||     7
Armor: Scale mail        |    46 |    71 |    44 ||   161
Dodge: Dodged            |    37 |    52 |    46 ||   135
Block: Shield            |    42 |   102 |    71 ||   215
       Rpst.: Long sword |     7 |    14 |    15 ||    36

Table legend:
 A = Spawn XP
 B = Non-spawn XP
 C = Spawn XP percentage of total XP
 D = Spawn monster count
 E = Non-spawn monster count
 F = Spawn count percentage of total count
 G = Total turns spent on level
                    A         B        C        D         E        F      G
               +---------+---------+-------+---------+---------+-------+---------
         Total |       0 |    1208 |   0.0 |       0 |      90 |   0.0 |  4595
               +---------+---------+-------+---------+---------+-------+---------
           D:1 |       0 |      24 |   0.0 |       0 |      14 |   0.0 |   705
           D:2 |       0 |      47 |   0.0 |       0 |      14 |   0.0 |   488
           D:3 |       0 |     120 |   0.0 |       0 |      29 |   0.0 |   883
           D:4 |       0 |     392 |   0.0 |       0 |      16 |   0.0 |  1149
           D:5 |       0 |     625 |   0.0 |       0 |      17 |   0.0 |  1161
               +---------+---------+-------+---------+---------+-------+---------
